 Dungeon Crawl Stone Soup version 0.29.1-14-g9c671dbff4 (webtiles) character file.

Game seed: 17868618741790629975

335 protoss039 the Digger (level 6, -6/47 HPs)
             Began as a Demonspawn Earth Elementalist on Feb 16, 2023.
             Was an Initiate of Vehumet.
             Mangled by a black bear (12 damage)
             ... on level 5 of the Dungeon.
             The game lasted 00:04:38 (3598 turns).

protoss039 the Digger (DsEE)                        Turns: 3598, Time: 00:04:38

Health: -6/47      AC:  2    Str:  8    XL:     6   Next: 28%
Magic:  11/11      EV: 12    Int: 33    God:    Vehumet [......]
Gold:   92         SH:  5    Dex: 13    Spells: 6/12 levels left

rFire   + . .      SeeInvis .   h - +9 sling "Jaqoqoem" {vorpal, Fragile rF+ rN+ Int+8}
rCold   . . .      Faith    .   (no shield)
rNeg    + . .      Spirit   .   a - +0 robe
rPois   .          Reflect  +   (helmet restricted)
rElec   .          Harm     .   (no cloak)
rCorr   .          Rampage  .   (no gloves)
Will    .....                   (no boots)
Stlth   ++........              u - amulet of reflection
HPRegen 0.15/turn               m - +6 ring of intelligence
MPRegen 0.24/turn               (no ring)

@: no status effects
A: horns 1, magic regeneration
a: Renounce Religion


You were on level 5 of the Dungeon.
You worshipped Vehumet.
Vehumet was noncommittal.
You visited 1 branch of the dungeon, and saw 5 of its levels.

You collected 155 gold pieces.
You spent 63 gold pieces at shops.

Inventory:

Hand Weapons
 h - the +9 sling "Jaqoqoem" (weapon) {vorpal, Fragile rF+ rN+ Int+8}
   (You found it on level 2 of the Dungeon)

   Any ammunition fired from it inflicts extra damage upon your enemies.
   Int:       It affects your intelligence (+8).
   rF:        It protects you from fire.
   rN:        It protects you from negative energy.
   Fragile:   It will be destroyed if unequipped.
Armour
 a - a +0 robe (worn)
Jewellery
 m - a +6 ring of intelligence (left hand)
 u - an amulet of reflection (around neck)
Wands
 v - a wand of light (8)
Scrolls
 e - 3 scrolls of noise {unknown}
 j - 2 scrolls of enchant armour {unknown}
 l - a scroll of amnesia {unknown}
 n - 2 scrolls of blinking {unknown}
 p - 2 scrolls of teleportation {unknown}
 q - a scroll of magic mapping {unknown}
 r - 2 scrolls of identify {unknown}
 t - a scroll of fear {unknown}
Potions
 b - a potion of magic
 c - a potion of heal wounds {unknown}
 d - 2 potions of invisibility {unknown}
 f - 2 potions of ambrosia {unknown}
 g - a potion of flight {unknown}
 i - 3 potions of mutation {unknown}
 k - 2 potions of brilliance {unknown}
 o - a potion of curing {unknown}
 s - a potion of attraction {unknown}


   Skills:
 + Level 3.0 Fighting
 - Level 1.7 Dodging
 - Level 1.7 Stealth
 + Level 3.6 Spellcasting
 + Level 2.4 Conjurations
 - Level 0.8 Transmutations
 + Level 4.0 Earth Magic


You had 6 spell levels left.
You knew the following spells:

 Your Spells              Type           Power      Damage    Failure   Level
a - Sandblast             Erth           64%        2d14      1%          1
b - Passwall              Tmut/Erth      18%        N/A       3%          2
c - Stone Arrow           Conj/Erth      54%        3d10      4%          3

Your spell library contained the following spells:

 Spells                   Type           Power      Damage    Failure   Level
 Summon Small Mammal      Summ           24%        N/A       5%          1
 Conjure Flame            Conj/Fire      14%        6-21      10%         3
 Ignite Poison            Fire/Tmut/Pois 7%         N/A       14%         3
 Call Canine Familiar     Summ           6%         N/A       17%         3
 Summon Guardian Golem    Hex/Summ       6%         N/A       17%         3
 Petrify                  Tmut/Erth      22%        N/A       21%         4
 Sticky Flame             Conj/Fire      14%        2d4       32%         4


Dungeon Overview and Level Annotations

Branches:
Dungeon (5/15) Zot: 26346  Temple (0/1) D:5

Altars:
Ashenzari
Dithmenos
Nemelex Xobeh
Okawaru
Uskayaw
Vehumet

Shops:
D:3 *


Innate Abilities, Weirdness & Mutations

You have a pair of small horns on your head.
You regenerate magic rapidly.


Message History

There is an open door here.
A black bear comes into view.
Found a stone staircase leading down.
A black bear is nearby!
A black bear is nearby!
A black bear is nearby!
You shoot a sling bullet. The sling bullet hits the black bear.
The black bear is lightly wounded.
Unknown command.
You shoot a sling bullet. The sling bullet hits the black bear.
The black bear is moderately wounded.
The black bear bites you. The black bear misses you.
The black bear barely misses you.
Unknown command.
You shoot a sling bullet. The sling bullet hits the black bear.
The black bear is heavily wounded.
The black bear bites you. The black bear claws you.
The black bear claws you but does no damage.
Unknown command.
You shoot a sling bullet. The sling bullet hits the black bear!
The black bear is almost dead.
The black bear goes berserk!
Unknown command.
You shoot a sling bullet.
The sling bullet barely misses the black bear.
The black bear bites you. The black bear claws you. x2
You block the black bear's attack. The black bear claws you.
The black bear closely misses you.
You shoot a sling bullet.
The sling bullet closely misses the black bear.
You hear a howl!
The black bear bites you.
The black bear claws you but does no damage.
You block the black bear's attack. The black bear bites you.
The black bear claws you!
* * * LOW HITPOINT WARNING * * *
The black bear claws you.
* * * LOW HITPOINT WARNING * * *
The black bear bites you!
You die...

#########
#.....@.#
#.#####h# #..#
.#
######'####>.
#.#...(...###.
#.#...:...# ..
#.'...>...# ##
#.#.......#
###.......#


You could see a black bear (berserk).

Vanquished Creatures
  An ogre (D:5)
  2 jellies
  A hound (D:5)
  An orc wizard (D:4)
  3 adders
  A white imp (D:5)
  An ufetubus (D:4)
  2 worms
  2 dart slugs
  10 orcs
  6 ball pythons
  2 endoplasms (D:3)
  6 giant cockroaches
  6 goblins
  A hobgoblin (D:4)
  6 jackals
  6 kobolds
  4 quokkas
  4 bats
  A frilled lizard (D:1)
  4 rats
70 creatures vanquished.

Notes
Turn   | Place    | Note
-------+----------+-------------------------------------------
     0 | D:1      | protoss039 the Demonspawn Earth Elementalist began the
                  | quest for the Orb.
     0 | D:1      | Reached XP level 1. HP: 13/13 MP: 3/3
    60 | D:1      | Gained mutation: You regenerate magic rapidly. [demonic
                  | ancestry]
    60 | D:1      | Reached XP level 2. HP: 15/20 MP: 1/5
   366 | D:1      | Reached skill level 1 in Fighting
   470 | D:1      | Reached skill level 3 in Earth Magic
   896 | D:1      | Learned a level 2 spell: Passwall
  1035 | D:2      | Identified the +9 sling "Jaqoqoem" {vorpal, Fragile rF+ rN+
                  | Int+8}
  1241 | D:2      | Reached XP level 3. HP: 26/26 MP: 6/6
  1347 | D:2      | Identified the +6 mace of Tenacity {elec, *Rage Str+5}
  1687 | D:2      | Learned a level 3 spell: Stone Arrow
  2164 | D:3      | Found Paonusi's Assorted Antiques.
  2169 | D:3      | Bought a scroll labelled LUYXOC HUTOP for 21 gold pieces
  2169 | D:3      | Bought a scroll labelled DOMIMM ATYISHAE for 21 gold pieces
  2169 | D:3      | Bought a scroll labelled FIDWEI FEAS for 21 gold pieces
  2397 | D:3      | Found a hide-covered altar of Uskayaw.
  2579 | D:4      | Gained mutation: You have a pair of small horns on your
                  | head. [demonic ancestry]
  2579 | D:4      | Reached XP level 4. HP: 33/33 MP: 8/8
  2583 | D:4      | Found a radiant altar of Vehumet.
  2618 | D:4      | Became a worshipper of Vehumet
  2661 | D:4      | Reached skill level 1 in Conjurations
  2706 | D:4      | Found an iron altar of Okawaru.
  2725 | D:4      | Reached XP level 5. HP: 12/38 MP: 7/9
  2984 | D:4      | Found a sparkling altar of Nemelex Xobeh.
  3289 | D:4      | Found a broken altar of Ashenzari.
  3290 | D:4      | Found a shadowy altar of Dithmenos.
  3372 | D:5      | Entered Level 5 of the Dungeon
  3394 | D:5      | Noticed an ogre
  3398 | D:5      | Killed an ogre
  3399 | D:5      | Reached skill level 4 in Earth Magic
  3399 | D:5      | Reached XP level 6. HP: 46/46 MP: 9/11
  3571 | D:5      | Found a staircase to the Ecumenical Temple.
  3598 | D:5      | Mangled by a black bear

Illustrated notes

Levels and vault maps discovered:
D:1:      lightli_arrival_chessboard, layout_loops_ring, minmay_misc_feat_five
D:2:      layout_basic
D:3:      layout_basic, lemuel_crystal_altar, serial_shops, shop_fountains,
          grunt_ministairs_13, chequers_jeans, minmay_misc_feat_rows
D:4:      layout_cave_pools, mainiacjoe_overflow_brackets,
          nicolae_vehumet_radiance, mainiacjoe_overflow_six_doors_small,
          nicolae_overflow_squiral
D:5:      corexii_shantytown, layout_basic, temple_green

Skill      XL: |  1  2  3  4  5  6 |
---------------+-------------------+-----
Fighting       | 1 2 3 |  3.0
Earth Magic    | 3 4 |  4.0
Conjurations   | 1 2 |  2.4
Spellcasting   | 3 |  3.6
Dodging        | |  1.7
Stealth        | |  1.7
Transmutations | |  0.8

Action                   |  1- 3 |  4- 6 || total
-------------------------+-------+-------++-------
Melee: Dagger            |    36 |       ||    36
       Punch             |     1 |       ||     1
 Fire: Sling             |    49 |    56 ||   105
 Cast: Sandblast         |    20 |    10 ||    30
 Stab: Sleeping          |     3 |       ||     3
Armor: Robe              |     5 |    10 ||    15
Dodge: Dodged            |    34 |    29 ||    63
Block: Other             |       |     4 ||     4
